 Dungeon Crawl Stone Soup version 0.32-a0-999-gfa1cc04b1d (webtiles) character file.

Game seed: 3764087917116187046

4969 chippings the Magician (level 10, -9/78 HPs)
             Began as a Grey Draconian Wanderer on Apr 25, 2024.
             Was a Believer of Vehumet.
             Killed from afar by a steam dragon (30 damage)
             ... with a ball of steam
             ... on level 8 of the Dungeon.
             The game lasted 00:20:59 (7242 turns).

chippings the Magician (Grey Draconian Wanderer)    Turns: 7242, Time: 00:20:59

Health: -9/78      AC: 13    Str: 14    XL:     10   Next: 28%
Magic:  12/20      EV: 15    Int: 17    God:    Vehumet [**....]
Gold:   499        SH:  5    Dex: 11    Spells: 17/23 levels left

rFire   x . .        c - staff of conjuration
rCold   + . .        (no shield)
rNeg    . . .        (body armour unavailable)
rPois   .            (helmet restricted)
rElec   .            q - +0 cloak
rCorr   .            (no gloves)
SInv    .            (no boots)
Will    .....        l - amulet of reflection
Stlth   +            r - +5 ring of evasion
HPRegen 0.33/turn    m - ring of ice
MPRegen 0.17/turn

%: reflection
@: no status effects
A: mud breath, mud-swimmer, AC +12, amphibious, unfitting armour, cold-blooded
a: Mud Breath, Renounce Religion


You were on level 8 of the Dungeon.
You worshipped Vehumet.
Vehumet was pleased with you.
You visited 2 branches of the dungeon, and saw 10 of its levels.

You collected 499 gold pieces.

Inventory:

Missiles
 b - 61 poisoned darts (quivered)
 H - 2 curare-tipped darts
Armour
 q - a +0 cloak (worn)
 s - a +0 buckler
Magical Staves
 c - a staff of conjuration (weapon)
 e - a staff of earth
Jewellery
 l - an amulet of reflection (around neck)
 m - a ring of ice (right hand)
 r - a +5 ring of evasion (left hand)
 w - an amulet of the acrobat
 x - a ring of willpower
 D - an amulet of guardian spirit
 K - a +6 ring of strength
Wands
 y - a wand of charming (13)
 A - a wand of roots (10)
Scrolls
 a - 11 scrolls of teleportation {unknown}
 g - 7 scrolls of identify {unknown}
 h - a scroll of enchant armour {unknown}
 i - a scroll of immolation {unknown}
 j - a scroll of fog {unknown}
 k - a scroll of fear {unknown}
 o - 3 scrolls of vulnerability {unknown}
 p - 2 scrolls of blinking {unknown}
 z - a scroll of torment {unknown}
 B - a scroll of enchant weapon {unknown}
 E - 2 scrolls of revelation {unknown}
 G - a scroll of summoning {unknown}
Potions
 d - 2 potions of attraction
 n - a potion of degeneration
 t - 6 potions of invisibility {unknown}
 u - 6 potions of curing {unknown}
 I - a potion of resistance {unknown}
 J - a potion of haste {unknown}
 L - 2 potions of heal wounds


   Skills:
 + Level 4.0 Fighting
 + Level 4.0 Staves
 - Level 2.0 Throwing
 - Level 1.0 Stealth
 - Level 6.0 Unarmed Combat
 + Level 7.2 Spellcasting
 - Level 6.0 Conjurations
 - Level 2.0 Translocations
 - Level 6.0 Ice Magic
 + Level 4.8 Earth Magic
 - Level 2.0 Alchemy
 + Level 4.0 Evocations


You had 17 spell levels left.
You knew the following spells:

 Your Spells              Type           Power      Damage    Failure   Level
a - Sting                 Conj/Alch      100%       1d9       2%          1
b - Hailstorm             Conj/Ice       56%        3d11      3%          3
c - Blink                 Tloc           24%        N/A       8%          2

Your spell library contained the following spells:

 Spells                   Type           Power      Damage    Failure   Level
 Foxfire                  Conj/Fire      96%        2x1d8     3%          1
 Momentum Strike          Conj/Tloc      58%        3d9       3%          2
 Ozocubu's Armour         Ice            39%        N/A       3%          3
 Apportation              Tloc           24%        N/A       4%          1
 Lesser Beckoning         Tloc           24%        N/A       8%          2
 Necrotise                Necr           24%        1d5       12%         1
 Summon Small Mammal      Summ           24%        N/A       12%         1
 Maxwell's Portable Pile  Tloc           12%        2d(6-17)  16%         3
 Fugue of the Fallen      Necr           6%         N/A       34%         3
 Sigil of Binding         Hex            6%         N/A       34%         3
 Anguish                  Hex/Necr       3%         N/A       75%         4
 Cause Fear               Hex            3%         N/A       75%         4
 Enfeeble                 Hex            3%         N/A       100%        7
 Magnavolt                Erth/Air       7%         3d10      100%        7
 Manifold Assault         Tloc           6%         N/A       100%        7
 Maxwell's Capacitive Co  Air            3%         ∞         100%        8


Dungeon Overview and Level Annotations

Branches:
Dungeon (9/15)             Temple (1/1) D:4
   Lair: D:8-11         Orc: D:9-12

Altars:
Ashenzari
Cheibriados
Dithmenos
Elyvilon
Fedhas
Gozag
Kikubaaqudgha
Makhleb
Nemelex Xobeh
Okawaru
Qazlal
Ru
Sif Muna
Trog
Uskayaw
Vehumet
Wu Jian
Xom
Yredelemnul
Zin
The Shining One
Beogh

Shops:
D:5 [

Annotations:
D:5 1 transporter, GiantSquids's ghost, weakling OpDe
D:6 3 runed translucent doors, GiantSquids's ghost, novice OpBe


Innate Abilities, Weirdness & Mutations

You can breathe torrents of mud.
You are unimpeded by mud.
Your dull iron-grey scales are very hard. (AC +12)
You are amphibious.
You cannot fit into any form of body armour.
You are cold-blooded and may be slowed by cold attacks.


Message History

The steam dragon barely misses you. The steam dragon misses you.
A centaur comes into view.
You block the steam dragon's attack. The steam dragon barely misses you.
Casting: Sting (safe; 2% risk of failure)
Confirm with . or Enter, or press ? or * to list all spells.
Aiming: Sting (safe; 2% risk of failure)
Press: ? - help, Shift-Dir - straight line, f/p - steam dragon
Aim: a steam dragon (heavily wounded, very poisoned, catching its breath, 78% to hit)
You feel a surge of power!
The sting hits the steam dragon but does no damage.
The steam dragon looks even sicker.
The steam dragon is heavily wounded.
You block the steam dragon's attack.
The steam dragon claws you but does no damage.
The centaur wields a +0 shortbow.
The centaur shoots an arrow.
The arrow completely misses you.
An orc priest comes into view. It is wielding a +0 mace.
The steam dragon bites you.
* * * LOW HITPOINT WARNING * * *
The steam dragon misses you.
The centaur shoots an arrow.
The arrow hits you but does no damage.
There is a stone staircase leading up here.
The centaur shoots an arrow.
The arrow barely misses you.
The steam dragon bites you but does no damage.
The steam dragon barely misses you.
The centaur shoots an arrow.
You block the arrow with an invisible shield... and reflect it back!
The arrow hits the centaur!
You climb upwards.
There is a stone staircase leading down here.
Casting: Sting (safe; 2% risk of failure)
Confirm with . or Enter, or press ? or * to list all spells.
Aiming: Sting (safe; 2% risk of failure)
Press: ? - help, Shift-Dir - straight line, f - steam dragon
Aim: a steam dragon (severely wounded, very poisoned, 78% to hit)
You feel a surge of power!
The sting hits the steam dragon.
The steam dragon looks as sick as possible!
The steam dragon is almost dead.
The steam dragon breathes steam at you. The ball of steam hits you!!
The steam scalds you terribly!
You die...

....# #.## #.) ....# ##.# ##..
...## #.## #... ...# #..#
#######... ..## ##.# ###...##....
#.# #.## ###......<.... ###
#..####.........#... ###
##...##...........).. ..###
###..#@.)...........<.. ....##
##...##D................
.....#####..###....).............
......)##..###.................##
....)..)÷#####................###
.....)#)÷# #................##
........## #................#
........# #...............##
........# #...............#


You could see a steam dragon (extremely poisoned, catching breath).

Vanquished Creatures
  Pikel (D:5)
  Maggie (D:8)
  A hornet (D:7)
  Prince Ribbit (D:5)
  A wyvern (D:7)
  5 yaks (D:8)
  Grum (D:8)
  Edmund (D:6)
  A water moccasin (D:6)
  An orc warrior (D:8)
  2 black bears
  2 sky beasts (D:7)
  2 ice beasts (D:6)
  An ogre (D:5)
  4 wolves (D:8)
  A centaur (D:9)
  2 phantoms (D:4)
  2 lemures (D:5)
  4 bullfrogs
  3 kobold brigands
  2 scorpions (D:6)
  8 howler monkeys
  2 hounds (D:7)
  2 jellies
  A bombardier beetle (D:5)
  A gnoll bouda (D:7)
  2 orc wizards (D:8)
  Robin (D:3)
  6 gnolls
  5 adders
  A shadow imp (D:4)
  2 white imps
  2 dart slugs
  A ribbon worm (D:3)
  9 orcs
  7 ball pythons
  2 bats
  8 endoplasms
  A giant cockroach (D:2)
  13 goblins
  12 hobgoblins
  3 jackals (D:3)
  17 kobolds
  3 frilled lizards
  4 rats
152 creatures vanquished.

Notes
Turn   | Place    | Note
-------+----------+-------------------------------------------
     0 | D:1      | chippings the Draconian Wanderer began the quest for the
                  | Orb.
     0 | D:1      | chippings set off with the following items: a +0 dagger, 10
                  | poisoned darts, 2 potions of heal wounds, a potion of
                  | attraction; and the following spell memorised: Sting; and
                  | the following spells available to memorise: Hailstorm.
     0 | D:1      | Reached XP level 1. HP: 14/14 MP: 3/3
   518 | D:1      | Reached XP level 2. HP: 19/20 MP: 5/5
   953 | D:2      | Reached skill level 1 in Alchemy
  1060 | D:2      | Reached XP level 3. HP: 24/26 MP: 6/6
  1692 | D:3      | Noticed Robin
  1731 | D:3      | Killed Robin
  1732 | D:3      | Reached skill level 1 in Fighting
  1732 | D:3      | Reached XP level 4. HP: 22/35 MP: 7/7
  1807 | D:3      | Learned a level 3 spell: Hailstorm
  2360 | D:4      | Noticed a phantom
  2384 | D:4      | Killed a phantom
  2385 | D:4      | Reached XP level 5. HP: 24/40 MP: 8/8
  2519 | D:4      | Found a staircase to the Ecumenical Temple.
  2537 | Temple   | Entered the Ecumenical Temple
  2578 | Temple   | Became a worshipper of Vehumet
  2615 | D:4      | Noticed a phantom
  2661 | D:4      | Killed a phantom
  2662 | D:4      | Reached skill level 5 in Unarmed Combat
  2662 | D:4      | Reached skill level 1 in Ice Magic
  2856 | D:4      | You fall into a shaft and drop 2 floors!
  2860 | D:6      | Noticed an ice beast
  2868 | D:6      | Killed an ice beast
  2869 | D:6      | Reached XP level 6. HP: 50/50 MP: 8/10
  2957 | D:5      | Entered Level 5 of the Dungeon
  2998 | D:5      | Found Nicrifub's Armour Shop.
  3003 | D:5      | Reached skill level 3 in Spellcasting
  3073 | D:5      | Noticed Prince Ribbit
  3094 | D:5      | Killed Prince Ribbit
  3095 | D:5      | Your scales start taking on a dull iron-grey colour.
  3095 | D:5      | Reached XP level 7. HP: 13/57 MP: 2/11
  3353 | D:5      | Noticed Pikel
  3379 | D:5      | Killed Pikel
  3380 | D:5      | Reached skill level 4 in Spellcasting
  3380 | D:5      | Reached XP level 8. HP: 41/66 MP: 4/14
  3467 | D:5      | Found a transporter.
  3467 | D:5      | Noticed GiantSquids's ghost (weakling OpDe)
  4034 | D:6      | Reached skill level 5 in Conjurations
  4217 | D:6      | Found a runed translucent gate.
  4217 | D:6      | Found a runed translucent gate.
  4237 | D:6      | Reached skill level 5 in Ice Magic
  4437 | D:6      | Noticed GiantSquids's ghost (novice OpBe)
  4453 | D:6      | Found a runed translucent gate.
  4498 | D:6      | Noticed Edmund
  4523 | D:6      | Killed Edmund
  4734 | D:6      | Found a roughly hewn altar of Beogh.
  5103 | D:7      | Reached XP level 9. HP: 71/71 MP: 10/16
  5183 | D:7      | Reached skill level 5 in Spellcasting
  5326 | D:7      | Reached * piety under Vehumet
  5326 | D:7      | Offered knowledge of Freeze by Vehumet.
  5364 | D:7      | Reached skill level 6 in Spellcasting
  5454 | D:7      | Paralysed by a hornet for 1 turns
  5456 | D:7      | Reached skill level 1 in Staves
  5456 | D:7      | Reached skill level 1 in Earth Magic
  5456 | D:7      | Reached skill level 1 in Evocations
  6050 | D:8      | Learned a level 2 spell: Blink
  6195 | D:8      | Reached skill level 1 in Translocations
  6453 | D:8      | Reached XP level 10. HP: 74/78 MP: 11/20
  6479 | D:8      | Found a shimmering blue altar of Sif Muna.
  6480 | D:8      | Found an ornate altar of the Wu Jian Council.
  6480 | D:8      | Found a white marble altar of Elyvilon.
  6592 | D:8      | Noticed Grum
  6594 | D:8      | Noticed Maggie
  6601 | D:8      | Killed Grum
  6604 | D:8      | Reached skill level 7 in Spellcasting
  6611 | D:8      | Killed Maggie
  6635 | D:8      | Reached ** piety under Vehumet
  6915 | D:8      | Offered knowledge of Foxfire by Vehumet.
  7242 | D:8      | Killed from afar by a steam dragon

Illustrated notes

Levels and vault maps discovered:
D:1:      saegor_arrival_simple_d, layout_basic
D:2:      layout_rooms
D:3:      layout_rooms, chequers_serial_rivers_large_a, uniq_robin
D:4:      layout_basic, marbit_many_paths, minmay_temple_entry_overgrown
D:5:      layout_cave_pools, gammafunk_ghost_mausoleum, serial_shops, shop,
          uniq_pikel, uniq_prince_ribbit1
D:6:      layout_basic, biasface_ghost_orc_armoury, uniq_edmund
D:7:      layout_gridville, enter_bailey_4
D:8:      layout_cave_pods, chequers_temple_overflow_statue_of_worship,
          uniq_grum, uniq_maggie
D:9:      layout_rooms, erik_orc_2, serial_shops, shop, uniq_harold, uniq_erica,
          uniq_joseph
Temple:   nicolae_temple_two_arcs

Skill      XL: |  1  2  3  4  5  6  7  8  9 10 |
---------------+-------------------------------+-----
Throwing       | 2 |  2.0
Alchemy        | 1 2 |  2.0
Conjurations   | 2 3 4 6 |  6.0
Fighting       | 1 2 3 4 |  4.0
Unarmed Combat | 5 6 |  6.0
Ice Magic      | 1 2 4 6 |  6.0
Spellcasting   | 3 4 6 7 |  7.2
Staves         | 3 4 |  4.0
Earth Magic    | 3 4 |  4.8
Evocations     | 3 4 |  4.0
Translocations | 2 |  2.0
Stealth        | |  1.0

Action                     |  1- 3 |  4- 6 |  7- 9 | 10-12 || total
---------------------------+-------+-------+-------+-------++-------
  Melee: Unarmed           |   144 |   127 |   238 |    20 ||   529
         Dagger            |    15 |       |       |       ||    15
         Tailslap          |    14 |    10 |    28 |     5 ||    57
         Punch             |     6 |     6 |    10 |       ||    22
         Staff             |       |       |       |    46 ||    46
   Cast: Sting             |    10 |       |    52 |    20 ||    82
         Hailstorm         |       |     4 |    32 |    10 ||    46
    Use: Potion            |       |     3 |     1 |     1 ||     5
   Stab: Sleeping          |     1 |       |       |     1 ||     2
         Distracted        |     1 |       |       |       ||     1
 Armour: Skin              |    64 |    51 |   119 |   148 ||   382
  Dodge: Dodged            |    93 |    74 |   155 |    55 ||   377
  Block: Other             |    28 |    29 |    43 |    23 ||   123
         Reflection        |     2 |       |       |     2 ||     4

Table legend: (Time is in decaauts)
 A = Elapsed time spent in this place.
 B = Non-inter-level travel time spent in this place.
 C = Inter-level travel time spent in this place.
 D = Time resting spent in this place.
 E = Time spent auto-exploring this place.
 F = Levels seen in this place.
 G = Mean time per level.
                   A        B        C        D        E       F      G
               +--------+--------+--------+--------+--------+-----+--------+
         Total |   7205 |   7044 |    161 |    214 |   4750 |  10 |  720.5 |
       Dungeon |   7154 |   6993 |    161 |    214 |   4750 |   9 |  794.9 |
        Temple |     50 |     50 |      0 |      0 |      0 |   1 |   50.0 |
               +--------+--------+--------+--------+--------+-----+--------+

Top non-repeatable levels by time:
     D:6: 1224 daAuts
     D:8: 1211 daAuts
     D:7: 1065 daAuts
     D:1: 942 daAuts
     D:3: 868 daAuts
     D:5: 840 daAuts
     D:2: 521 daAuts
     D:4: 467 daAuts
  Temple: 50 daAuts
     D:9: 13 daAuts
